 Dungeon Crawl Stone Soup version 0.30-a0-870-gc5d4c5acee (webtiles) character file.

Game seed: 13513468713553609123

100 cforsyth the Covered (level 4, 0/38 HPs)
             Began as a Barachi Fighter on Mar 12, 2023.
             Slain by an orc
             ... wielding a +0 club
              (5 damage)
             ... on level 3 of the Dungeon.
             The game lasted 00:02:43 (1568 turns).

cforsyth the Covered (Barachi Fighter)              Turns: 1568, Time: 00:02:43

Health: 0/38       AC:  7    Str: 19    XL:     4   Next: 73%
Magic:  4/4        EV:  9    Int:  9    God:
Gold:   99         SH:  4    Dex: 11    Spells: 3/3 levels left

rFire   . . .      SeeInvis .    a - +0 war axe
rCold   . . .      Faith    .    c - +0 buckler
rNeg    . . .      Spirit   .    b - +0 scale mail
rPois   .          Reflect  .    (no helmet)
rElec   .          Rampage  .    (no cloak)
rCorr   .                        (no gloves)
Will    .....                    (no boots) Stlth
                                 (no amulet)
HPRegen 0.26/turn                (no ring)
MPRegen 0.09/turn                (no ring)

@: slow
A: amphibious, slowness 1, strong legs 1, +LOS
a: Hop


You were on level 3 of the Dungeon.
You visited 1 branch of the dungeon, and saw 3 of its levels.

You collected 99 gold pieces.

Inventory:

Hand Weapons
 a - a +0 war axe (weapon)
Armour
 b - a +0 scale mail (worn)
 c - a +0 buckler (worn)
Scrolls
 e - 6 scrolls of identify {unknown}
 f - a scroll of brand weapon {unknown}
 h - a scroll of vulnerability {unknown}
 i - a scroll of teleportation {unknown}
 j - a scroll of amnesia {unknown}
 k - a scroll of enchant weapon {unknown}
Potions
 d - a potion of might
 g - a potion of curing {unknown}


   Skills:
 + Level 4.4 Fighting
 + Level 3.2 Axes
 + Level 4.4 Armour
 + Level 4.0 Shields


You had 3 spell levels left.
You didn't know any spells.
Your spell library contained the following spells:

 Spells                   Type           Power      Damage    Failure   Level
 Beastly Appendage        Tmut           0%         N/A       83%         1
 Wereblood                Tmut           0%         N/A       93%         2
 Spider Form              Tmut/Pois      0%         N/A       99%         3


Dungeon Overview and Level Annotations

Branches:
Dungeon (3/15)

Altars:
Dithmenos

Shops:
D:2 [


Innate Abilities, Weirdness & Mutations

You are amphibious.
You cover ground slowly.
You can hop short distances.
You have an extended range of vision and can be seen from far away.


Message History

You are too injured to fight recklessly!
You are too injured to fight recklessly!
You are too injured to fight recklessly!
You are too injured to fight recklessly!
You are too injured to fight recklessly!
You are too injured to fight recklessly!
You are too injured to fight recklessly!
You completely miss the orc priest.
The orc priest is lightly wounded.
You hit the orc.
The orc priest hits you but does no damage.
You are electrocuted!
* * * LOW HITPOINT WARNING * * *
The orc hits you with a +0 hand axe.
* * * LOW HITPOINT WARNING * * *
You completely miss the orc priest.
The orc priest is lightly wounded.
You closely miss the orc. You block the orc priest's attack.
You barely miss the orc priest.
The orc priest is lightly wounded.
You hit the orc.
You kill the orc!
The orc priest barely misses you.
You hit the orc priest.
The orc priest is heavily wounded.
The orc priest closely misses you.
You closely miss the orc priest.
The orc priest is heavily wounded.
The orc priest closely misses you.
You slash the orc priest!
You kill the orc priest!
You barely miss the orc. The orc barely misses you.
Your Shields skill increases to level 4!
You hit the orc.
You kill the orc!
You hit the orc. You block the orc's attack.
You hit the orc but do no damage.
The orc is severely wounded.
The orc hits you with a +0 club.
You die...

#.##..........#.######
#.##..........#.....
#.##..........####...oo...
#.##.............#.#.....#
#.##.........###.#.#o....#
..##.........#
#.#.#.....###
####.........#
#.#.#.......
#.........###.#.#.....#
########....)@..#.....#
##...o####.....#
#....'........#
#.)..####.....# #)####
........ #.# #+###### #.#
#.# #.#


You could see an orc.

Vanquished Creatures
  An orc priest (D:3)
  A gnoll (D:1)
  A worm (D:3)
  5 orcs (D:3)
  5 ball pythons
  5 endoplasms (D:1)
  2 giant cockroaches
  6 hobgoblins
  5 quokkas
  5 bats
  7 goblins
  4 kobolds
  4 rats
51 creatures vanquished.

Notes
Turn   | Place    | Note
-------+----------+-------------------------------------------
     0 | D:1      | cforsyth the Barachi Fighter began the quest for the Orb.
     0 | D:1      | Reached XP level 1. HP: 18/18 MP: 1/1
   140 | D:1      | Reached XP level 2. HP: 25/25 MP: 2/2
   237 | D:1      | You fall into a shaft and drop 1 floor!
   305 | D:2      | Reached XP level 3. HP: 30/30 MP: 3/3
   890 | D:2      | Found Faileir's Armour Shoppe.
  1225 | D:3      | Found a shadowy altar of Dithmenos.
  1301 | D:3      | Reached XP level 4. HP: 35/37 MP: 4/4
  1568 | D:3      | Slain by an orc

Illustrated notes

Levels and vault maps discovered:
D:1:      erik_arrival_orb_chamber, layout_basic, serial_park_tiny_1
D:2:      layout_rooms, serial_shops, nicolae_shop_statue_plus,
          grunt_ministairs_15
D:3:      layout_basic, mainiacjoe_overflow_paths,
          shapermc_ecumenical_altar_pompeii

Skill      XL: |  1  2  3  4 |
---------------+-------------+-----
Fighting       | 4 |  4.4
Armour         | 4 |  4.4
Axes           | 3 |  3.2
Shields        | 4 |  4.0

Action                     |  1- 3 |  4- 6 || total
---------------------------+-------+-------++-------
  Melee: War axe           |   111 |    31 ||   142
 Armour: Scale mail        |    48 |    10 ||    58
  Dodge: Dodged            |    57 |    19 ||    76
  Block: Buckler           |    32 |     4 ||    36

Table legend: (Time is in decaauts)
 A = Elapsed time spent in this place.
 B = Non-inter-level travel time spent in this place.
 C = Inter-level travel time spent in this place.
 D = Time resting spent in this place.
 E = Time spent auto-exploring this place.
 F = Levels seen in this place.
 G = Mean time per level.
                   A        B        C        D        E       F      G
               +--------+--------+--------+--------+--------+-----+--------+
         Total |   1855 |   1805 |     50 |      5 |   1418 |   3 |  618.3 |
       Dungeon |   1855 |   1805 |     50 |      5 |   1418 |   3 |  618.3 |
               +--------+--------+--------+--------+--------+-----+--------+

Top non-repeatable levels by time:
     D:1: 891 daAuts
     D:3: 490 daAuts
     D:2: 473 daAuts
